 Dungeon Crawl Stone Soup version 0.21-a0-273-g0785366 (webtiles) character file.

10 Lavandula the Ruffian (level 2, 1/24 HPs)
             Began as a Ghoul Warper on Sept 17, 2017.
             Quit the game on level 2 of the Dungeon.
             The game lasted 00:01:35 (190 turns).

Lavandula the Ruffian (Ghoul Warper)                 Turns: 190, Time: 00:01:36

Health: 1/24       AC:  3    Str: 14    XL:     2   Next: 20%
Magic:  3/3        EV: 11    Int:  8    God:
Gold:   0          SH:  0    Dex:  8    Spells: 4/4 levels left

rFire    . . .     SeeInvis .     - Unarmed
rCold    + . .     Gourm    .   (no shield)
rNeg     + + +     Faith    .   a - +0 leather armour
rPois    ∞         Spirit   .   (no helmet)
rElec    .         Reflect  .   (no cloak)
rCorr    .         Harm     .   (no gloves)
MR       .....                  (no boots)
Stlth    ..........             (no amulet)
HPRegen  0.00/turn              (no ring)
MPRegen  0.08/turn              (no ring)

@: confused, rotting
A: rotting body, claws 1, carnivore 3, cold resistance 1, negative energy
resistance 3, inhibited regeneration, torment resistance, unbreathing
a: no special abilities


You were on level 2 of the Dungeon.
You were not hungry.

You visited 1 branch of the dungeon, and saw 2 of its levels.

Inventory:

Missiles
 d - 5 tomahawks of dispersal (quivered)
Armour
 a - a +0 leather armour (worn)
Scrolls
 c - a scroll of blinking
 e - 2 scrolls of remove curse {unknown}
Books
 b - a book of Spatial Translocations

   Spells                             Type                      Level
   a - Blink                          Translocation                2
   b - Shroud of Golubria             Charms/Translocation         2
   c - Lesser Beckoning               Translocation                3
   d - Gell's Gravitas                Translocation                3
   e - Teleport Other                 Translocation                3
   f - Passage of Golubria            Translocation                4
Comestibles
 f - a meat ration
 g - 11 chunks of flesh


   Skills:
 - Level 2.1 Fighting
 - Level 0.8 Throwing
 - Level 0.8 Armour
 - Level 1.7 Dodging
 + Level 3.1 Unarmed Combat
 - Level 1.7 Spellcasting
   Level 2.6 Translocations


You had 4 spell levels left.
You didn't know any spells.

Dungeon Overview and Level Annotations

Branches:
Dungeon (2/15)

Altars:

Annotations:
D:2 Sigmund


Innate Abilities, Weirdness & Mutations

Your body is rotting away.
You thrive on raw meat.
You are immune to poison.
You have sharp fingernails.
You are carnivorous and can eat meat at any time.
Your flesh is cold resistant. (rC+)
You are immune to negative energy. (rN+++)
You do not regenerate when monsters are visible.
You are immune to unholy pain and torment.
You can survive without breathing.


Message History

Sigmund casts a spell at you.
You are more confused.
You aren't carrying any potions.
Unknown command.
You're too confused!
Unknown command.
You aren't carrying any items that you can evoke.
Unknown command.
Unknown command.
You bump into the rock wall.
Sigmund flickers, as though insubstantial.
Sigmund barely misses you.
You bump into the rock wall.
Sigmund barely misses you.
You bump into the rock wall.
You bump into the rock wall.
Sigmund hits you from afar with a scythe.
Sigmund casts a spell at you. The puff of flame hits you!
* * * LOW HITPOINT WARNING * * *
Are you sure you want to abandon this character and quit the game? (Confirm with "yes".)

########.#
.........#
........%#
(######.##
#.# #.#
#)# ####@#
#@...#
#.#### #.#
#.# #.#
#.# #.#
#.# #.#


You could see Sigmund.

Vanquished Creatures
  2 goblins
  2 hobgoblins (D:1)
  2 kobolds (D:1)
  A ball python (D:1)
  2 bats (D:1)
  A rat (D:2)
10 creatures vanquished.

Notes
Turn   | Place    | Note
-------+----------+-------------------------------------------
     0 | D:1      | Lavandula the Ghoul Warper began the quest for the Orb.
     0 | D:1      | Reached XP level 1. HP: 17/17 MP: 2/2
    79 | D:1      | Reached skill level 3 in Unarmed Combat
    79 | D:1      | Reached XP level 2. HP: 24/24 MP: 3/3
   159 | D:2      | Noticed Sigmund
   189 | D:2      | HP: 1/24 [Sigmund/puff of flame (10)]
   190 | D:2      | Quit the game

Vault maps used:
D:1:      dpeg_arrival_chase
D:2:      ashenzari_conservatory_becter, chequers_ecumenical_altar_island,
          uniq_sigmund, uniq_robin

Skill      XL: |  1 |
---------------+----+-----
Unarmed Combat | 3 |  3.1
Fighting       | |  2.1
Throwing       | |  0.8
Armour         | |  0.8
Dodging        | |  1.7
Spellcasting   | |  1.7
Translocations | |  2.6

Action                   || total
-------------------------++-------
Melee: Unarmed           ||    37
       Punch             ||     1
  Eat: Chunk             ||     4
Armor: Leather armour    ||    13
Dodge: Dodged            ||    24

Table legend:
 A = Spawn XP
 B = Non-spawn XP
 C = Spawn XP percentage of total XP
 D = Spawn monster count
 E = Non-spawn monster count
 F = Spawn count percentage of total count
 G = Total turns spent on level
                    A         B        C        D         E        F      G
               +---------+---------+-------+---------+---------+-------+---------
         Total |       0 |      15 |   0.0 |       0 |      10 |   0.0 |   190
               +---------+---------+-------+---------+---------+-------+---------
           D:1 |       0 |      12 |   0.0 |       0 |       8 |   0.0 |    96
           D:2 |       0 |       3 |   0.0 |       0 |       2 |   0.0 |    94
               +---------+---------+-------+---------+---------+-------+---------
